 Dungeon Crawl Stone Soup version 0.31-a0-826-ga5cc291a1b (webtiles) character file.

Game seed: 3773849320671906926

1124 qw the Skirmisher (level 8, 0/50 HPs)
             Began as a Gargoyle Hunter on Sept 23, 2023.
             Killed by divine providence
             ... invoked by an orc priest
              (14 damage)
             ... on level 4 of the Dungeon.
             The game lasted 00:02:44 (5397 turns).

qw the Skirmisher (Gargoyle Hunter)                 Turns: 5397, Time: 00:02:44

Health: 0/50       AC: 17    Str: 14    XL:     8   Next: 35%
Magic:  8/8        EV: 11    Int: 11    God:
Gold:   316        SH:  0    Dex: 15    Spells: 7/7 levels left

rFire   . . .        Y - +1 shortbow
rCold   . . .        (shield currently unavailable)
rNeg    + . .        d - +0 ring mail
rPois   inf          (no helmet)
rElec   +            (no cloak)
rCorr   .            g - +1 pair of gloves
SInv    .            (no boots)
Will    .....        (no amulet)
Stlth   +            f - +4 ring of protection
HPRegen 0.28/turn    (no ring)
MPRegen 0.11/turn

%: no passive effects
@: no status effects
A: sickness immunity, AC +5, negative energy resistance 1, electricity
resistance, torment resistance 1, petrification resistance
a: no special abilities


You were on level 4 of the Dungeon.
You visited 1 branch of the dungeon, and saw 5 of its levels.
You also visited: Sewer.

You collected 316 gold pieces.


Innate Abilities, Weirdness & Mutations

You are immune to sickness and miasma.
Your stone body is resilient. (AC +5)
You are immune to poison.
You resist negative energy. (rN+)
You are resistant to electric shocks. (rElec)
You are resistant to unholy torment.
You are immune to petrification.


   Skills:
 + Level 5.4 Fighting
 - Level 9.0 Ranged Weapons
 - Level 2.0 Armour
 - Level 2.0 Dodging
 - Level 1.1 Stealth


You had 7 spell levels left.
You didn't know any spells.
Your spell library was empty.

Inventory:

Hand Weapons
 Y - a +1 shortbow (weapon)
Armour
 d - a +0 ring mail (worn)
 g - a +1 pair of gloves (worn)
 h - a +2 pair of gloves of dexterity
Jewellery
 f - a +4 ring of protection (left hand)
Scrolls
 e - 2 scrolls of identify
Potions
 a - 2 potions of haste
 b - a potion of enlightenment
 c - 2 potions of might
 j - a potion of mutation

Dungeon Overview and Level Annotations

Branches:
Dungeon (5/15)             Temple (0/1) D:4           Sewer (visited)

Altars:
Xom
Zin


Message History

The puff of flame hits you.
You shoot an arrow. The arrow hits the orc wizard!
The orc wizard is almost dead.
The orc hits you but does no damage.
The orc wizard hits you but does no damage.
You shoot an arrow. The arrow barely misses the orc wizard.
The orc hits you but does no damage. The orc wizard closely misses you.
The orc priest calls upon Beogh to heal the orc wizard.
The orc wizard is healed somewhat.
You shoot an arrow.
The arrow closely misses the orc wizard.
The orc hits you but does no damage. The orc wizard closely misses you.
You shoot an arrow. The arrow barely misses the orc wizard.
The orc hits you but does no damage. The orc wizard barely misses you.
The orc priest calls down the wrath of Beogh upon you.
Beogh smites you!
You shoot an arrow. The arrow hits the orc wizard.
The orc wizard is severely wounded.
The orc hits you with a +0 hand axe. The orc wizard closely misses you.
The orc priest begins to cast a cantrip, but forgets the words!
You shoot an arrow. The arrow barely misses the orc wizard.
The orc hits you but does no damage. The orc wizard barely misses you.
You shoot an arrow. The arrow hits the orc wizard.
The orc wizard is severely wounded.
The orc closely misses you.
The orc wizard gestures at you while chanting.
The puff of flame misses you.
The orc priest calls upon Beogh to heal the orc wizard.
The orc wizard is healed somewhat.
You shoot an arrow. The arrow barely misses the orc wizard.
The orc hits you with a +0 hand axe.
The orc wizard hits you but does no damage.
The orc priest calls upon Beogh to heal the orc wizard.
The orc wizard is healed somewhat.
You shoot an arrow.
The arrow closely misses the orc wizard.
The orc misses you.
The orc priest calls down the wrath of Beogh upon you.
Beogh smites you!
You die...

#.# #.# #.#####
##.##############
#.....#
#...............#
#####)#
##.############.#
#.# ### # #.# #.#
.# #.#
#.#########.####.
#.#
#.#......ooo.....
#.# #.# #....@#
#.# #># #.#.#.#
#.# #.# .. #.#
#.###### #.# #.
#.# #....... #.#
# #.# ########
#.# #)# #.# #.#
#.# #.# ###
#.#######.# ..#


You could see an orc priest, an orc wizard and an orc.

Vanquished Creatures
  3 kobold brigands (Sewer)
  2 scorpions
  3 orc priests
  An iguana (D:5)
  Terence (D:2)
  5 orc wizards
  13 gnolls (D:3)
  12 river rats
  8 adders
  An ufetubus (D:5)
  2 worms (D:2)
  4 dart slugs
  10 orcs
  10 endoplasms
  3 giant cockroaches
  32 goblins
  31 hobgoblins
  5 jackals
  5 quokkas
  12 ball pythons
  11 bats
  7 frilled lizards
  21 kobolds
  31 rats
  A butterfly (D:3)
234 creatures vanquished.

Vanquished Creatures (others)
  A bat (D:1)
  A hobgoblin (D:1)
2 creatures vanquished.

Grand Total: 236 creatures vanquished

Notes
Turn   | Place    | Note
-------+----------+-------------------------------------------
     0 | D:1      | qw the Gargoyle Hunter began the quest for the Orb.
     0 | D:1      | Reached XP level 1. HP: 12/12 MP: 1/1
     0 | D:1      | 0 ||| qw: Version: 0.3-a-83-gcd0e7d8
     0 | D:1      | 0 ||| qw: Game counter: 1853
     0 | D:1      | 0 ||| qw: Melee chars always use a shield: true
     0 | D:1      | 0 ||| qw: God list: Okawaru
     0 | D:1      | 0 ||| qw: Allow faded altars: false
     0 | D:1      | 0 ||| qw: Do Orc after clearing Dungeon:15 true
     0 | D:1      | 0 ||| qw: Do second Lair branch before Depths: true
     0 | D:1      | 0 ||| qw: Lair rune preference: random
     0 | D:1      | 0 ||| qw: Goals: Normal
     0 | D:1      | 0 ||| PLANNING D:1-11
    53 | D:1      | Reached XP level 2. HP: 17/17 MP: 2/2
   398 | D:1      | Found a faded altar of an unknown god.
   456 | D:1      | Reached XP level 3. HP: 21/21 MP: 3/3
   525 | D:1      | Reached skill level 5 in Ranged Weapons
   820 | D:1      | 820 ||| UPGRADING to +0 pair of gloves.
   825 | D:1      | 825 ||| READING scroll labelled HISCHO RER SYE.
   830 | D:1      | 830 ||| READING scroll labelled ABUQUA ZONTU.
   931 | D:1      | 931 ||| READING scroll labelled EPTARI HULEJIM.
   932 | D:1      | 932 ||| READING scroll labelled JUMUMM HIPIS.
   933 | D:1      | 933 ||| DRINKING 3 brown potions.
   980 | D:1      | 980 ||| DROPPING scroll of butterflies.
   981 | D:1      | 981 ||| DROPPING 2 potions of lignification.
  1056 | D:2      | Reached skill level 3 in Fighting
  1071 | D:2      | 1071 ||| FLEEEEING.
  1078 | D:2      | Reached XP level 4. HP: 25/28 MP: 4/4
  1199 | D:2      | Noticed Terence
  1203 | D:2      | Killed Terence
  1468 | D:2      | 1468 ||| UPGRADING to +0 ring mail.
  1478 | D:2      | 1478 ||| DROPPING +0 leather armour.
  1479 | D:2      | 1479 ||| READING scroll labelled VAETEUXTYLUKO.
  1480 | D:2      | 1480 ||| READING 3 scrolls of identify.
  1480 | D:2      | 1480 ||| IDENTIFYING amethyst potion
  1481 | D:2      | 1481 ||| READING 2 scrolls of identify.
  1481 | D:2      | 1481 ||| IDENTIFYING glowing pink potion
  1482 | D:2      | 1482 ||| DROPPING potion of attraction.
  1498 | D:3      | 1498 ||| PLANNING SEWER
  1531 | D:3      | Found a glowing drain.
  1538 | D:3      | Reached skill level 1 in Armour
  1538 | D:3      | Reached XP level 5. HP: 32/32 MP: 5/5
  1553 | D:3      | Reached skill level 6 in Ranged Weapons
  1768 | Sewer    | Entered a sewer
  1913 | Sewer    | Reached XP level 6. HP: 19/38 MP: 6/6
  2072 | Sewer    | HP: 9/38 [river rat (4)]
  2242 | Sewer    | 2242 ||| Stepping ~*~*~tactically~*~*~ (water).
  2246 | Sewer    | 2246 ||| Stepping ~*~*~tactically~*~*~ (water).
  2251 | Sewer    | Reached skill level 7 in Ranged Weapons
  2256 | Sewer    | 2256 ||| Stepping ~*~*~tactically~*~*~ (water).
  2415 | Sewer    | Reached XP level 7. HP: 40/43 MP: 7/7
  2808 | Sewer    | 2808 ||| READING scroll labelled HOMUZA UCZIYB.
  2809 | Sewer    | 2809 ||| DRINKING 2 white potions.
  2810 | Sewer    | 2810 ||| DRINKING 2 ruby potions.
  2811 | Sewer    | 2811 ||| DRINKING 3 viscous silvery potions.
  2812 | Sewer    | 2812 ||| DROPPING 2 potions of magic.
  2847 | D:3      | 2847 ||| PLANNING D:1-11
  2933 | D:3      | Found a glowing silver altar of Zin.
  2969 | D:3      | Found a shimmering altar of Xom.
  3171 | D:3      | 3171 ||| Stepping ~*~*~tactically~*~*~ (water).
  3182 | D:3      | Reached skill level 8 in Ranged Weapons
  3219 | D:3      | 3219 ||| READING scroll of enchant armour.
  3219 | D:3      | 3219 ||| ENCHANTING +0 pair of gloves.
  3601 | D:3      | HP: 11/44 [gnoll/+0 spear (4)]
  3602 | D:3      | 3602 ||| READING scroll of teleportation.
  3602 | D:3      | HP: 4/44 [gnoll/+0 spear (5)]
  4188 | D:3      | 4188 ||| READING 4 scrolls of identify.
  4188 | D:3      | 4188 ||| IDENTIFYING fizzy puce potion
  4189 | D:3      | 4189 ||| READING 3 scrolls of identify.
  4189 | D:3      | 4189 ||| IDENTIFYING metallic cyan potion
  4190 | D:3      | 4190 ||| READING 2 scrolls of identify.
  4190 | D:3      | 4190 ||| IDENTIFYING purple potion
  4191 | D:3      | 4191 ||| DROPPING potion of brilliance.
  4445 | D:4      | HP: 6/44 [something/puff of flame (9)]
  4445 | D:4      | HP: 1/44 [orc wizard/puff of flame (5)]
  4446 | D:4      | 4446 ||| READING scroll of teleportation.
  4447 | D:4      | 4447 ||| DRINKING potion of heal wounds.
  4655 | D:4      | 4655 ||| READING scroll labelled EHUNELALOT.
  4724 | D:5      | Entered Level 5 of the Dungeon
  4743 | D:5      | Reached XP level 8. HP: 49/49 MP: 8/8
  4848 | D:5      | 4848 ||| UPGRADING to +4 ring of protection.
  4849 | D:5      | 4849 ||| READING scroll labelled CANUYS XIR.
  5070 | D:5      | 5070 ||| STAIRDANCE
  5102 | D:4      | Found a staircase to the Ecumenical Temple.
  5103 | D:4      | 5103 ||| PLANNING TEMPLE
  5363 | D:4      | Reached skill level 9 in Ranged Weapons
  5397 | D:4      | Killed from afar by an orc priest

Levels and vault maps discovered:
D:1:      onia_arrival_handbag, layout_loops_ring,
          chequers_ecumenical_altar_simple_redux, lemuel_flame_loot_1
D:2:      layout_rooms, uniq_terence
D:3:      minmay_goblin_kobold_castle, layout_basic, amcnicky_altar_gilded,
          xom_butterflies, portal_sewer_entry_c
D:4:      layout_basic, minmay_temple_entry_gardened_gates
D:5:      layout_basic, nicolae_ashenzari_skybound, serial_co_window_serial,
          co_window_paths_b, co_window_paths_a, co_window_of_opportunity_a,
          co_window_paths_b, co_window_paths_a, co_window_corner_a,
          co_window_paths_b, co_window_paths_b, co_window_cross_1,
          co_window_broadway_a, co_window_broadway_c, co_window_corner_b,
          co_window_of_opportunity_b, co_window_corner_b,
          co_window_unsneaky_path_b, co_window_4corner_a, glass_columns_b,
          glass_columns_c, glass_columns_b

Skill      XL: |  1  2  3  4  5  6  7  8 |
---------------+-------------------------+-----
Ranged Weapons | 5 6 7 8 9 |  9.0
Fighting       | 3 4 5 |  5.4
Armour         | 1 2 |  2.0
Dodging        | 2 |  2.0
Stealth        | |  1.1

Action                     |  1- 3 |  4- 6 |  7- 9 || total
---------------------------+-------+-------+-------++-------
   Fire: Shortbow          |   118 |   258 |   365 ||   741
    Use: Scroll            |     4 |     3 |     9 ||    16
         Potion            |     1 |       |     4 ||     5
 Armour: Leather armour    |    39 |     4 |       ||    43
         Ring mail         |       |   120 |   263 ||   383
  Dodge: Dodged            |    32 |    86 |   170 ||   288

Table legend:
 A = Non-vault XP
 B = Vault XP
 C = Vault XP percentage of total XP
 D = Non-vault monster count
 E = Vault monster count
 F = Vault count percentage of total count
                 A         B        C        D         E       F
            +---------+---------+-------+---------+---------+-------
      Total |     768 |     838 |  52.2 |     101 |     132 |  56.7
            +---------+---------+-------+---------+---------+-------
        D:1 |      44 |       5 |  10.2 |      27 |       4 |  12.9
        D:2 |      69 |      36 |  34.3 |      30 |       1 |   3.2
        D:3 |     156 |     260 |  62.5 |      14 |      69 |  83.1
        D:4 |     273 |       0 |   0.0 |      22 |       0 |   0.0
        D:5 |     226 |       0 |   0.0 |       8 |       0 |   0.0
      Sewer |       0 |     537 | 100.0 |       0 |      58 | 100.0
            +---------+---------+-------+---------+---------+-------
